 Dungeon Crawl Stone Soup version 0.30-a0-219-gf2db51d15e (webtiles) character file.

Game seed: 6362603483507753202

1864 gzilladon the Sneak (level 9, -4/42 HPs)
             Began as a Vine Stalker Necromancer on Oct 4, 2022.
             Was a Follower of Yredelemnul.
             Slain by a water moccasin (6 damage)
             ... on level 8 of the Dungeon on Oct 7, 2022.
             The game lasted 00:25:14 (5400 turns).

gzilladon the Sneak (Vine Stalker Necromancer)      Turns: 5400, Time: 00:25:14

Health: -4/42      AC:  9    Str: 13    XL:     9   Next: 13%
Magic:  0/14       EV:  6    Int: 21    God:    Yredelemnul [*.....]
Gold:   290        SH:  5    Dex: 17    Spells: 4/14 levels left

rFire   . . .      SeeInvis .    g - +0 dagger (drain)
rCold   . . .      Faith    +    i - +0 buckler
rNeg    . . .      Spirit   +    s - +0 chain mail
rPois   .          Reflect  .    (no helmet)
rElec   .          Harm     .    (no cloak)
rCorr   .          Rampage  .    (no gloves)
Will    +....                    (no boots)
Stlth   ..........               r - amulet of faith
HPRegen 1.07/turn                k - +6 ring of intelligence
MPRegen 0.14/turn                (no ring)

@: no status effects
A: fangs 3, regeneration 1, magic shield, antimagic bite, no potion heal 2
a: Renounce Religion, Recall Undead Harvest


You were on level 8 of the Dungeon.
You worshipped Yredelemnul.
Yredelemnul was noncommittal.
You visited 2 branches of the dungeon, and saw 7 of its levels.

You collected 290 gold pieces.

Inventory:

Hand Weapons
 d - a +0 dagger
 e - a +0 dagger of flaming
 g - a +0 dagger of draining (weapon)
Missiles
 j - 40 stones
 l - 10 poisoned darts
 q - a boomerang
Armour
 a - a +0 robe
 c - a +0 ring mail
 i - a +0 buckler (worn)
 s - a +0 chain mail (worn)
Jewellery
 k - a +6 ring of intelligence (left hand)
 r - an amulet of faith (around neck)
 x - an amulet of reflection
Wands
 y - a wand of iceblast (10)
Scrolls
 f - 2 scrolls of blinking {unknown}
 h - 3 scrolls of identify {unknown}
 m - 2 scrolls of magic mapping {unknown}
 n - a scroll of vulnerability {unknown}
 p - a scroll of amnesia {unknown}
 t - 4 scrolls of poison {unknown}
 w - a scroll of enchant weapon {unknown}
Potions
 b - a potion of magic
 o - 3 potions of heal wounds {unknown}
 u - 2 potions of degeneration {unknown}
 v - a potion of ambrosia {unknown}
 z - a potion of lignification {unknown}


   Skills:
 + Level 2.2 Fighting
 * Level 5.2 Short Blades
 + Level 4.4 Armour
 + Level 3.0 Dodging
 * Level 5.8 Stealth
 + Level 2.1 Shields
 + Level 3.1 Spellcasting
 + Level 5.3 Necromancy
 + Level 0.3 Ice Magic
 * Level 1.9 Invocations


You had 4 spell levels left.
You knew the following spells:

 Your Spells              Type           Power      Damage    Failure   Level
a - Necrotise             Necr           100%       1d9       47%         1
b - Freeze                Ice            16%        1d4       99%         1
c - Vampiric Draining     Necr           25%        2d7       85%         3
d - Agony                 Necr           25%        N/A       100%        5

Your spell library contained the following spells:

 Spells                   Type           Power      Damage    Failure   Level
 Magic Dart               Conj           12%        1d3       99%         1
 Searing Ray              Conj           6%         2d4       100%        2
 Frozen Ramparts          Ice            8%         1d2       100%        3
 Hailstorm                Conj/Ice       3%         3d3       100%        3
 Vhi's Electric Charge    Tloc/Air       6%         N/A       100%        3
 Fulminant Prism          Conj/Hex       1%         3d6       100%        4
 Arcjolt                  Conj/Air       1%         1d11      100%        5
 Maxwell's Capacitive Co  Air            1%         ∞         100%        8
 Animate Dead             Necr           Unusable   N/A       N/A         4

Dungeon Overview and Level Annotations

Branches:
Dungeon (5/15)             Temple (1/1) D:5            Lair (0/5) D:8

Altars:
Ashenzari
Elyvilon
Gozag
Hepliaklqana
Makhleb
Nemelex Xobeh
Okawaru
Qazlal
Ru
Sif Muna
Trog
Uskayaw
Vehumet
Wu Jian
Xom
Yredelemnul
Zin
The Shining One

Portals:
Ossuary: D:4


Innate Abilities, Weirdness & Mutations

You have razor-sharp teeth.
Your natural rate of healing is unusually fast.
When hurt, damage is shared between your health and your magic reserves.
Your bite disrupts and absorbs the magic of your enemies.
Potions cannot restore your health.


Message History

* * * LOW HITPOINT WARNING * * *
You block the black bear's attack. x2; The black bear barely misses you.
The shadow imp hits you but does no damage.
You hit the shadow imp but do no damage.
You block the water moccasin's attack.
Your water moccasin zombie bites the water moccasin.
Your black bear zombie bites the black bear.
Your black bear zombie barely misses the black bear. x2
You hit the water moccasin.
The water moccasin is heavily wounded.
You block the water moccasin's attack.
The black bear bites you but does no damage.
The black bear claws you but does no damage.
The black bear closely misses you.
The shadow imp lashes its tail.
The shadow imp hits you but does no damage.
Your water moccasin zombie bites the water moccasin.
Your black bear zombie bites the black bear.
Your black bear zombie claws the black bear. x2
You hit the water moccasin but do no damage.
Your bite misses the water moccasin.
The water moccasin is heavily wounded.
The water moccasin bites you!
* * * LOW HITPOINT WARNING * * *
The shadow imp hits you but does no damage.
The black bear barely misses you. x2
The black bear claws you but does no damage.
Your water moccasin zombie bites the water moccasin!
You block the water moccasin's attack.
You closely miss the water moccasin.
The water moccasin is almost dead.
Your black bear zombie bites the black bear.
Your black bear zombie claws the black bear. x2
Your water moccasin zombie barely misses the water moccasin.
The shadow imp hits you but does no damage.
The black bear bites your black bear zombie.
The black bear claws your black bear zombie. x2
The water moccasin bites you.
You die...
Your body rises from the dead as a mindless zombie. .P..P..# #...# P.PP...# #...# PP.PPPP#

#...# .P.P..P### #...#
.PPP.....# #...# .#$
.PPP.P.#.###..Z#####....
...............h........
.h.......?)....5@......#
...............S.......#
Pc.Z#.####.#.)Z#.#####.#
.)#.#.# #.#...#.#
......# #.#...#.#
###.### #.#...#.###.#
#.######.#.)......# #
#.#............###.#.
.#..........### #!#


You could see a water moccasin (ally target), a black bear (distracted, ally
target), a shadow imp, a friendly water moccasin zombie and a friendly black
bear zombie.

Vanquished Creatures
  Grinder (D:4)
  Menkaure (D:4)
  4 water moccasins
  2 black bears
  An ogre (D:4)
  2 phantoms (D:4)
  A scorpion (D:5)
  A howler monkey (D:5)
  3 hounds
  Jessica (D:3)
  Terence (D:3)
  3 gnolls (D:2)
  6 adders
  A worm (D:2)
  3 dart slugs
  9 orcs
  10 endoplasms
  2 giant cockroaches
  9 goblins
  5 hobgoblins
  7 jackals
  7 quokkas
  9 ball pythons
  7 bats
  5 frilled lizards
  5 kobolds
  12 rats
118 creatures vanquished.

Vanquished Creatures (collateral kills)
  A water moccasin (D:8)
  An ice beast (D:5)
  A centaur (D:8)
  An adder (D:5)
  2 orcs
  A kobold (D:3)
7 creatures vanquished.

Vanquished Creatures (others)
  3 water moccasin zombies (D:8)
  3 orc zombies (D:8)
  10 fungi (D:8)
  31 plants
  A withered plant (D:1)
48 creatures vanquished.

Grand Total: 173 creatures vanquished

Notes
Turn   | Place    | Note
-------+----------+-------------------------------------------
     0 | D:1      | gzilladon the Vine Stalker Necromancer began the quest for
                  | the Orb.
     0 | D:1      | Reached XP level 1. HP: 9/9 MP: 4/4
   233 | D:1      | Reached XP level 2. HP: 12/13 MP: 3/6
   645 | D:1      | Found a faded altar of an unknown god.
   672 | D:1      | Learned a level 1 spell: Freeze
   783 | D:1      | Reached XP level 3. HP: 13/16 MP: 5/7
  1390 | D:1      | Upgraded the game from 0.30-a0-210-g01b79a254e to
                  | 0.30-a0-219-gf2db51d15e
  1711 | D:2      | Gained mutation: Your natural rate of healing is unusually
                  | fast. [Vine Stalker growth]
  1711 | D:2      | Reached XP level 4. HP: 20/21 MP: 8/8
  2060 | D:2      | Reached skill level 5 in Necromancy
  2112 | D:2      | HP: 1/21 [gnoll/+0 flail (6)]
  2527 | D:3      | Reached skill level 1 in Armour
  2636 | D:3      | Reached XP level 5. HP: 24/24 MP: 10/10
  2697 | D:3      | Noticed Jessica
  2703 | D:3      | Killed Jessica
  2704 | D:3      | Reached skill level 1 in Short Blades
  2737 | D:3      | Noticed Terence
  2754 | D:3      | Killed Terence
  3268 | D:4      | Noticed an ogre
  3287 | D:4      | Killed an ogre
  3288 | D:4      | Reached XP level 6. HP: 29/29 MP: 7/11
  3521 | D:4      | Reached XP level 7. HP: 32/32 MP: 12/12
  3638 | D:4      | Noticed Grinder
  3639 | D:4      | Paralysed by Grinder for 4 turns
  3673 | D:4      | Killed Grinder
  3674 | D:4      | Reached skill level 1 in Fighting
  3674 | D:4      | Reached skill level 1 in Shields
  3771 | D:4      | Noticed Menkaure
  3788 | D:4      | Killed Menkaure
  3793 | D:4      | Found a sand-covered staircase.
  3956 | D:5      | Entered Level 5 of the Dungeon
  3970 | D:5      | Gained mutation: You have razor-sharp teeth. [Vine Stalker
                  | growth]
  3970 | D:5      | Reached XP level 8. HP: 36/37 MP: 11/13
  3993 | D:5      | Found a staircase to the Ecumenical Temple.
  4071 | Temple   | Entered the Ecumenical Temple
  4209 | Temple   | Became a worshipper of Yredelemnul the Dark
  4453 | D:5      | Reached * piety under Yredelemnul
  4461 | D:5      | Reached skill level 5 in Stealth
  4613 | D:5      | Reached ** piety under Yredelemnul
  4999 | D:5      | Learned a level 3 spell: Vampiric Draining
  5005 | D:5      | Learned a level 5 spell: Agony
  5230 | D:5      | You fall into a shaft and drop 3 floors!
  5348 | D:8      | Found a staircase to the Lair.
  5362 | D:8      | Reached skill level 1 in Invocations
  5365 | D:8      | Reached skill level 5 in Short Blades
  5375 | D:8      | HP: 1/39 [poisoned by a water moccasin]
  5391 | D:8      | Reached XP level 9. HP: 4/42 MP: 4/14
  5399 | D:8      | HP: 1/42 [water moccasin (5)]
  5400 | D:8      | Slain by a water moccasin

Illustrated notes

Levels and vault maps discovered:
D:1:      erik_arrival_cave_to_civilisation [erik_arrival_cave_to_hall],
          layout_basic, shapermc_ecumenical_altar_gd
D:2:      layout_basic, kennysheep_nondescript
D:3:      layout_basic, hex_tiny, kennysheep_generic_room_3, uniq_jessica,
          uniq_terence
D:4:      layout_cave_pools, nicolae_ossuary_entry_ruins, uniq_menkaure,
          uniq_grinder
D:5:      layout_basic, temple_pool_b
D:8:      layout_loops_cross, due_lair_maze_entry_diamond, uniq_grum
Temple:   mainiacjoe_temple_hex_bubbles

Skill      XL: |  1  2  3  4  5  6  7  8  9 |
---------------+----------------------------+-----
Necromancy     | 5 |  5.3
Armour         | 1 2 3 4 |  4.4
Short Blades   | 1 2 3 5 |  5.2
Dodging        | 2 3 |  3.0
Stealth        | 3 4 5 |  5.8
Spellcasting   | 3 |  3.1
Fighting       | 1 2 |  2.2
Shields        | 1 2 |  2.1
Invocations    | 1 |  1.9
Ice Magic      | |  0.3

Action                   |  1- 3 |  4- 6 |  7- 9 || total
-------------------------+-------+-------+-------++-------
Melee: Unarmed           |    10 |       |       ||    10
       Dagger            |   101 |   189 |   204 ||   494
       Bite              |    35 |    56 |    59 ||   150
       Punch             |     4 |       |       ||     4
 Cast: Necrotise         |    10 |     5 |       ||    15
       Freeze            |     2 |       |       ||     2
 Stab: Sleeping          |     1 |       |       ||     1
       Distracted        |       |       |     1 ||     1
Armor: Ring mail         |    48 |    39 |       ||    87
       Chain mail        |       |    34 |   127 ||   161
Dodge: Dodged            |    73 |    69 |    60 ||   202
Block: Buckler           |     2 |    23 |    45 ||    70

Table legend: (Time is in decaauts)
 A = Elapsed time spent in this place.
 B = Non-inter-level travel time spent in this place.
 C = Inter-level travel time spent in this place.
 D = Time resting spent in this place.
 E = Time spent auto-exploring this place.
 F = Levels seen in this place.
 G = Mean time per level.
                   A        B        C        D        E       F      G
               +--------+--------+--------+--------+--------+-----+--------+
         Total |   5447 |   4156 |   1291 |    221 |      0 |   7 |  778.1 |
       Dungeon |   5277 |   4064 |   1213 |    221 |      0 |   6 |  879.5 |
        Temple |    170 |     92 |     78 |      0 |      0 |   1 |  170.0 |
               +--------+--------+--------+--------+--------+-----+--------+

Top non-repeatable levels by time:
     D:1: 1389 daAuts
     D:5: 1171 daAuts
     D:2: 1032 daAuts
     D:3: 844 daAuts
     D:4: 679 daAuts
  Temple: 170 daAuts
     D:8: 159 daAuts
